 Dungeon Crawl Stone Soup version 0.22-b1-59-g0aedee734a (webtiles) character file.

117 MrSplat the Sneak (level 5, -2/42 HPs)
             Began as a Naga Enchanter on Aug 9, 2018.
             Slain by Grinder (3 damage)
             ... on level 3 of the Dungeon.
             The game lasted 00:08:15 (3086 turns).

MrSplat the Sneak (Naga Enchanter)                  Turns: 3086, Time: 00:08:16

Health: -2/42      AC:  4    Str: 15    XL:     5   Next: 1%
Magic:  1/8        EV: 14    Int: 17    God:
Gold:   117        SH:  0    Dex: 16    Spells: 2/8 levels left

rFire    . . .     SeeInvis +   a - +1 dagger
rCold    . . .     Gourm    .   (no shield)
rNeg     . . .     Faith    .   f - +0 ring mail
rPois    +         Spirit   .   (helmet restricted)
rElec    .         Reflect  .   (no cloak)
rCorr    .         Harm     .   (no gloves)
MR       .....                  (no barding)
Stlth    ++++......             (no amulet)
HPRegen  0.14/turn              (no ring)
MPRegen  0.11/turn              (no ring)

@: mighty, agile, very slightly contaminated, very slow
A: large, beak, see invisible, blink, deformed body, poison resistance, slowness
2, slow metabolism 1, spit poison 1, AC +1
a: Spit Poison, Blink


You were on level 3 of the Dungeon.
You were hungry.

You visited 1 branch of the dungeon, and saw 3 of its levels.

You collected 117 gold pieces.


Innate Abilities, Weirdness & Mutations

You cannot wear boots.
Your serpentine skin is tough. (AC +1)
You have supernaturally acute eyesight. (SInv)
Armour fits poorly on your strangely shaped body.
Your system is resistant to poisons. (rPois)
You cover ground very slowly.
You have a slow metabolism.
You can spit poison.
You have a beak for a mouth.
You can translocate small distances at will.


   Skills:
 - Level 1.0 Short Blades
 - Level 1.5 Dodging
 + Level 5.7 Stealth
 - Level 2.0 Spellcasting
 * Level 4.5 Hexes
 + Level 1.6 Ice Magic


You had 2 spell levels left.
You knew the following spells:

 Your Spells              Type           Power        Failure   Level  Hunger
a - Corona                Hex            ###....      6%          1    #......
c - Confuse               Hex            ###.....     19%         3    ###....
s - Ensorcelled Hibernat  Hex/Ice        ##....       16%         2    ###....

Your spell library contained the following spells:

 Spells                   Type           Power        Failure   Level  Hunger
 Tukima's Dance           Hex            ###.....     19%         3    ###....
 Dazzling Spray           Conj/Hex       #.....       41%         3    ###....

Inventory:

Hand Weapons
 a - a +1 dagger (weapon)
Missiles
 g - 84 stones (quivered)
Armour
 f - a +0 ring mail (worn)
   (You found it on level 1 of the Dungeon)
Scrolls
 k - a scroll of fog
 l - a scroll of teleportation {unknown}
 n - a scroll of magic mapping {@r3}
 s - a scroll of fear {unknown}
 t - a scroll of remove curse {@r2}
 y - a scroll of blinking {unknown}
Potions
 e - a potion of magic
 j - 2 potions of mutation {!q}
 o - a potion of lignification {unknown}
 p - a potion of haste {unknown}
 q - a potion of brilliance {unknown}
 r - a potion of flight {unknown}
 x - a potion of ambrosia {unknown}
Comestibles
 d - 5 rations {@e1}
 w - 2 chunks of flesh

Dungeon Overview and Level Annotations

Branches:
Dungeon (3/15)

Altars:
Vehumet
Wu Jian

Annotations:
D:3 1 transporter, Grinder

###...#######5....##.#
#...............#
#.######.)......# #.#
#.....##.# #5# #.....# .#
#.# #####.##.##### #. #.#
##.........#
##.#.#.########......###.#
....©#..........@§§§§§§....#
=$.8##...########5§§§§......
#####..### ##§§§§..##.#
©.....# ##§§##.##.# ..#.##
#§§§.....
..#.###############§###.##.
..#.##........5...§§# #
..#.##.############.#
<.#.##(# #.#


You could see Grinder.


Message History

You take 4 damage, and have 26/42 hp.
Grinder gestures at you. You resist with some effort.
Memorise Confuse, consuming 3 spell levels and leaving 2?
Grinder says, "Don't move a muscle."
Grinder hits you.
Your memorisation is interrupted.
You writhe in agony.
You take 8 damage, and have 19/42 hp.
Use which ability? (? or * to list)
Press: ? - help, Shift-Dir - straight line, f/p - Grinder
Aim: Grinder The splash of poison hits Grinder.
Grinder appears unharmed.
You feel slightly more hungry. Grinder hits you but does no damage.
You have got your breath back.
Grinder barely misses you.
MP restored: 8
Okay, then.
Okay, then.
Okay, then.
Grinder hits you but does no damage. Grinder hits you but does no damage.
Grinder gestures at you.
You struggle to resist.
Grinder barely misses you.
Grinder blinks!
Use which ability? (? or * to list)
Press: ? - help, Shift-Dir - straight line, f/p - Grinder
Aim: Grinder The splash of poison hits Grinder.
Grinder is poisoned.
Grinder is lightly wounded.
You are feeling hungry.
Grinder blinks!
You hit Grinder.
Grinder is lightly wounded.
Grinder barely misses you.
Grinder blinks! x2
Memorise Confuse, consuming 3 spell levels and leaving 2?
You have got your breath back.
Grinder says, "There's only one good use for a tongue: cutting it out."
Grinder looks more healthy.
Grinder says, "Don't move a muscle."
You finish memorising.
Spell assigned to 'c'.
Casting: Corona (safe; 8% risk of failure)
Confirm with . or Enter, or press ? or * to list all spells.
Aiming: Confuse (safe; 24% risk of failure)
Press: ? - help, Shift-Dir - straight line, f/p - Grinder
Aim: Grinder (moderately wounded, chance to defeat MR: 48%) Grinder resists with some effort.
Grinder blinks!
You now have 5/8 mp.
Casting: Confuse (safe; 24% risk of failure)
Confirm with . or Enter, or press ? or * to list all spells.
Aiming: Confuse (safe; 24% risk of failure)
Press: ? - help, Shift-Dir - straight line, f/p - Grinder
Aim: Grinder (moderately wounded, chance to defeat MR: 48%)
You miscast Confuse.
You are very lightly contaminated with residual magic.
Strange energies run through your body. Grinder gestures at you.
You suddenly lose the ability to move!
You can move again.
You now have 2/8 mp.
Grinder blinks!
Casting: Confuse (safe; 24% risk of failure)
Confirm with . or Enter, or press ? or * to list all spells.
Aiming: Confuse (safe; 24% risk of failure)
Press: ? - help, Shift-Dir - straight line, f/p - Grinder
Aim: Grinder (moderately wounded, chance to defeat MR: 48%) Grinder resists with some effort.
Grinder gestures at you. Pain shoots through your body!
You take 7 damage, and have 18/42 hp.
You now have 0/8 mp.
Grinder gestures at you. Pain shoots through your body!
* * * LOW HITPOINT WARNING * * *
Grinder gestures at you. You resist with some effort.
You take 12 damage, and have 6/42 hp.
MASSIVE DAMAGE!!
As you read the scroll labeled SUIKKUXUNI, it crumbles to dust.
The scroll dissolves into smoke.
It was a scroll of fog.
As you read the scroll labeled WUIBLU WASH, it crumbles to dust.
It is a scroll of identify.
n - a scroll of magic mapping
As you read the scroll of identify {@r1}, it crumbles to dust.
t - a scroll of remove curse Grinder hits you.
* * * LOW HITPOINT WARNING * * *
You writhe in agony.
* * * LOW HITPOINT WARNING * * *
You take 7 damage, and have 1/42 hp.
Okay, then.
Use which ability? (? or * to list)
You don't have enough health at the moment.
Unknown command.
Okay, then.
It was a potion of agility.
You feel agile all of a sudden. Grinder hits you but does no damage.
It was a potion of might.
You feel very mighty all of a sudden. Grinder hits you.
You die...

Skill      XL: |  1  2  3 |
---------------+----------+-----
Stealth        | 5 |  5.7
Hexes          | 4 |  4.5
Ice Magic      | 1 |  1.6
Short Blades   | |  1.0
Dodging        | |  1.5
Spellcasting   | |  2.0

Action                   |  1- 3 |  4- 6 || total
-------------------------+-------+-------++-------
Melee: Dagger            |    56 |    59 ||   115
 Cast: Ensorcelled Hiber |     5 |    22 ||    27
       Confuse           |       |     2 ||     2
       Corona            |       |     1 ||     1
 Abil: Spit Poison       |    13 |     9 ||    22
  Use: Potion            |       |     4 ||     4
       Scroll            |       |     3 ||     3
 Stab: Sleeping          |     7 |    16 ||    23
  Eat: Chunk             |     2 |     6 ||     8
Armor: Ring mail         |    29 |    23 ||    52
Dodge: Dodged            |    34 |    19 ||    53

Vault maps used:
D:1:      dpeg_arrival_rooms_a
D:2:      gammafunk_temple_overflow_statue
D:3:      gammafunk_ghost_arena, uniq_grinder, uniq_ijyb

Notes
Turn   | Place    | Note
-------+----------+-------------------------------------------
     0 | D:1      | MrSplat the Naga Enchanter began the quest for the Orb.
     0 | D:1      | Reached XP level 1. HP: 15/15 MP: 3/3
   529 | D:1      | Reached XP level 2. HP: 18/22 MP: 5/5
  1123 | D:1      | Learned a level 2 spell: Ensorcelled Hibernation
  1375 | D:2      | Reached skill level 5 in Stealth
  1375 | D:2      | Reached XP level 3. HP: 28/28 MP: 6/6
  1545 | D:2      | Reached skill level 4 in Hexes
  1597 | D:2      | Reached skill level 1 in Ice Magic
  1601 | D:2      | Reached XP level 4. HP: 19/36 MP: 1/7
  1900 | D:2      | Gained mutation: You have a beak for a mouth. [potion of mutation]
  1900 | D:2      | Gained mutation: You can translocate small distances at will. [potion of mutation]
  1913 | D:1      | HP: 9/36 [poisoned by an adder]
  2206 | D:2      | Found a radiant altar of Vehumet.
  2206 | D:2      | Found an ornate altar of the Wu Jian Council.
  2938 | D:3      | Reached XP level 5. HP: 30/42 MP: 3/8
  3022 | D:3      | Noticed Grinder
  3036 | D:3      | Found a transporter.
  3067 | D:3      | Learned a level 3 spell: Confuse
  3069 | D:3      | Paralysed by Grinder for 2 turns
  3075 | D:3      | HP: 6/42 [Grinder/nerve-wracking pain (12)]
  3084 | D:3      | HP: 6/42 [Grinder (2)]
  3084 | D:3      | HP: 1/42 [Grinder (5)]
  3086 | D:3      | Slain by Grinder

Vanquished Creatures
  6 adders (D:2)
  An ooze (D:1)
  A worm (D:3)
  3 dart slugs (D:2)
  2 leopard geckos (D:2)
  An orc (D:3)
  3 bats (D:1)
  4 giant cockroaches (D:2)
  4 hobgoblins
  4 jackals (D:2)
  4 kobolds
  2 ball pythons
  2 frilled lizards
  6 goblins
  5 rats (D:2)
48 creatures vanquished.

Table legend:
 A = Turns spent in this place as a percentage of turns spent in the entire game.
 B = Non-inter-level travel turns spent in this place as a percentage of non-inter-level travel turns spent in the entire game.
 C = Inter-level travel turns spent in this place as a percentage of turns spent in this place.
 D = Turns resting spent in this place as a percentage of non-inter-level travel turns spent in this place.
 E = Turns spent auto-exploring this place as a percentage of non-inter-level travel turns spent in this place.
 F = Non-inter-level travel turns spent in this place divided by the number of levels of this place that you've seen.
                   A       B       C       D       E      F
               +-------+-------+-------+-------+-------+----------------------
         Total | 100.0 | 100.0 |   2.5 |  35.4 |  46.0 | 1003.3
       Dungeon | 100.0 | 100.0 |   2.5 |  35.4 |  46.0 | 1003.3
               +-------+-------+-------+-------+-------+----------------------

Table legend:
 A = Non-vault XP
 B = Vault XP
 C = Vault XP percentage of total XP
 D = Non-vault monster count
 E = Vault monster count
 F = Vault count percentage of total count
 G = Total turns spent on level
                 A         B        C        D         E       F
            +---------+---------+-------+---------+---------+-------
      Total |     168 |       0 |   0.0 |      48 |       0 |   0.0
            +---------+---------+-------+---------+---------+-------
        D:1 |      23 |       0 |   0.0 |      10 |       0 |   0.0
        D:2 |     127 |       0 |   0.0 |      30 |       0 |   0.0
        D:3 |      18 |       0 |   0.0 |       8 |       0 |   0.0
            +---------+---------+-------+---------+---------+-------
